 Dungeon Crawl Stone Soup version 0.26.1-10-gdfb7c7de75 (webtiles) character file.

Game seed: 88336366979199243

3474 tardwrangler69 the Carver (level 10, -1/71 (72) HPs)
             Began as an Octopode Fighter on Apr 7, 2021.
             Was an Initiate of Gozag.
             Slain by an ice beast (13 damage)
             ... on level 8 of the Dungeon.
             The game lasted 00:10:09 (11365 turns).

tardwrangler69 the Carver (Octopode Fighter)       Turns: 11365, Time: 00:10:10

HP:   -1/71 (72)    AC:  1    Str: 19    XL:     10   Next: 6%
MP:   10/10         EV: 14    Int: 11    God:    Gozag
Gold: 910           SH: 10    Dex: 11    Spells: 9/9 levels left

rFire    . . .     SeeInvis +   a - +1 long sword
rCold    . . .     Faith    .   b - +1 kite shield
rNeg     . . .     Spirit   .   (helmet restricted)
rPois    .         Reflect  .   (no amulet)
rElec    .         Harm     .   (no ring)
rCorr    .         Rampage  .   o - ring of see invisible
Will     .....                  (no ring)
Stlth    ++........             (no ring)
HPRegen  0.21/turn              (no ring)
MPRegen  0.12/turn              (no ring)
                                (no ring)
                                (no ring)

@: lightly drained
A: almost no armour, stealthy swim, amphibious, 8 rings, constrict 8, camouflage
1, gelatinous body 1
a: Renounce Religion, Potion Petition, Call Merchant, Bribe Branch


You were on level 8 of the Dungeon.
You worshipped Gozag.
Gozag was pleased with you.
You visited 2 branches of the dungeon, and saw 9 of its levels.

You collected 994 gold pieces.
You paid 84 gold pieces to Gozag.

Inventory:

Hand Weapons
 a - a +1 long sword (weapon)
 j - a +0 hunting sling
Armour
 b - a +1 kite shield (worn)
Jewellery
 o - a ring of see invisible (right tentacle)
 v - an uncursed ring of ice {unknown}
 w - an uncursed ring of flight {unknown}
Wands
 d - a wand of random effects (19)
 n - a wand of polymorph (5)
 p - a wand of paralysis (13)
Scrolls
 c - a scroll of noise {unknown}
 f - a scroll of enchant armour
 g - 2 scrolls of amnesia
 k - 11 scrolls of identify
 q - 5 scrolls of remove curse
 r - a scroll of magic mapping
 s - a scroll of enchant weapon
 u - a scroll of teleportation
Potions
 e - 4 potions of mutation {unknown}
 h - 3 potions of curing
 i - 3 potions of degeneration {unknown}
 l - a potion of berserk rage {unknown}
 m - 4 potions of brilliance
 t - a potion of ambrosia {unknown}


   Skills:
 + Level 7.6 Fighting
 * Level 10.1 Long Blades
 + Level 7.6 Dodging
 - Level 3.0 Shields


You had 9 spell levels left.
You didn't know any spells.
Your spell library was empty.

Dungeon Overview and Level Annotations

Branches:
Dungeon (8/15)             Temple (1/1) D:4
   Lair: D:8-11

Altars:
Ashenzari
Cheibriados
Dithmenos
Elyvilon
Fedhas
Gozag
Hepliaklqana
Kikubaaqudgha
Makhleb
Nemelex Xobeh
Okawaru
Qazlal
Ru
Sif Muna
Trog
Uskayaw
Vehumet
Wu Jian
Xom
Yredelemnul
Zin
The Shining One


Innate Abilities, Weirdness & Mutations

You cannot wear most types of armour.
You are very stealthy in the water. (Stealth+)
You are amphibious.
You can wear up to eight rings at the same time.
You can use your tentacles to constrict eight enemies at once.
Your skin changes colour to match your surroundings (Stealth+).
Your rubbery body absorbs attacks. (AC +1, EV +1)


Message History

You hit the ice beast.
The ice beast is severely wounded.
An orc comes into view. It is wielding a -2 flail.
The ice beast hits you.
* * * LOW HITPOINT WARNING * * *
The ice beast freezes you.
* * * LOW HITPOINT WARNING * * *
You hit the ice beast but do no damage.
The ice beast is severely wounded.
You block the ice beast's attack.
You completely miss the ice beast.
The ice beast is severely wounded.
The ice beast closely misses you.
You hit the ice beast. Your squeeze misses the ice beast.
The ice beast is severely wounded.
The ice beast hits you.
* * * LOW HITPOINT WARNING * * *
The ice beast freezes you!
You die...
Your body crumbles into a pile of gold.

#..#. .....# #8...
..... ####. o...
##############.
...
...............
#$.
.........####.#
#.. #.#######.#
#.# #.Y##.# #..#.#
#.# #..@#.# #....#
#.# #.#.#.#.#
##.### #.#
#.......# #.# #.#
###.##..# #.# #.#
#.##..# #.######.#
# #).># #.#..≈....
#.#.# #..≈≈≈≈≈≈≈
#)#.#####..≈≈≈..≈≈
#.#.......≈≈≈≈≈.≈.


You could see an ice beast and an orc.

Vanquished Creatures
  Pikel (D:6)
  Psyche (D:7)
  Edmund (D:5)
  A water moccasin (D:5)
  2 orc warriors
  2 sky beasts
  2 ice beasts
  An ogre (D:7)
  2 phantoms
  3 lemures (D:5)
  A bullfrog (D:8)
  5 killer bees
  3 wights (D:8)
  A howler monkey (D:5)
  A bullfrog zombie (D:5)
  2 bullfrog skeletons
  3 hounds
  2 jellies
  11 orc priests
  6 orc wizards
  Terence (D:1)
  An iguana (D:6)
  3 worker ants
  Natasha (thrice) (D:2)
  A hound skeleton (D:7)
  2 worker ant zombies
  4 gnolls (D:3)
  4 adders
  A shadow imp (D:5)
  A white imp (D:4)
  An ufetubus (D:7)
  An ooze (D:3)
  2 adder zombies (D:7)
  An adder skeleton (D:5)
  2 worms (D:3)
  2 dart slugs
  5 leopard geckos
  31 orcs
  A ball python (D:4)
  5 giant cockroaches
  9 goblins
  13 hobgoblins
  9 jackals
  4 quokkas
  13 bats
  5 frilled lizards
  6 kobolds
  2 leopard gecko skeletons
  A leopard gecko zombie (D:6)
  9 rats
194 creatures vanquished.

Notes
Turn   | Place    | Note
-------+----------+-------------------------------------------
     0 | D:1      | tardwrangler69 the Octopode Fighter began the quest for the
                  | Orb.
     0 | D:1      | Reached XP level 1. HP: 16/16 MP: 1/1
   314 | D:1      | Reached XP level 2. HP: 20/21 MP: 2/2
   449 | D:1      | Found a sparkling altar of Nemelex Xobeh.
  1158 | D:2      | Noticed Terence
  1161 | D:2      | Reached XP level 3. HP: 26/26 MP: 3/3
  1168 | D:1      | Killed Terence
  1169 | D:1      | Reached skill level 3 in Long Blades
  1329 | D:2      | Reached XP level 4. HP: 16/31 MP: 4/4
  1874 | D:2      | Noticed Natasha
  1878 | D:2      | Killed Natasha
  2141 | D:2      | Noticed Natasha
  2147 | D:2      | Killed Natasha
  2148 | D:2      | Reached XP level 5. HP: 24/37 MP: 5/5
  2210 | D:2      | Noticed Natasha
  2305 | D:2      | Killed Natasha
  2306 | D:2      | Reached skill level 4 in Long Blades
  2820 | D:3      | Reached XP level 6. HP: 31/43 MP: 6/6
  3317 | D:3      | Reached skill level 5 in Long Blades
  3624 | D:3      | Found a faded altar of an unknown god.
  4185 | D:4      | Found a staircase to the Ecumenical Temple.
  4348 | D:4      | Noticed a phantom
  4357 | D:4      | Found an ancient bone altar of Kikubaaqudgha.
  4373 | D:4      | Reached XP level 7. HP: 24/49 MP: 7/7
  5567 | Temple   | Entered the Ecumenical Temple
  5820 | Temple   | Became a worshipper of Gozag Ym Sagoz the Greedy
  5858 | D:5      | Entered Level 5 of the Dungeon
  6252 | D:5      | Reached skill level 6 in Long Blades
  6252 | D:5      | Reached skill level 5 in Dodging
  6370 | D:5      | Reached skill level 5 in Fighting
  6829 | D:5      | Reached XP level 8. HP: 55/55 MP: 8/8
  6841 | D:5      | Noticed Edmund
  6921 | D:5      | Killed Edmund
  7260 | D:5      | Reached skill level 7 in Long Blades
  8117 | D:6      | Noticed Pikel
  8313 | D:6      | Killed Pikel
  8314 | D:6      | Reached skill level 8 in Long Blades
  8314 | D:6      | Reached XP level 9. HP: 20/63 MP: 9/9
  9682 | D:7      | Reached skill level 9 in Long Blades
 10532 | D:8      | Noticed Psyche
 10542 | D:7      | Killed Psyche
 10872 | D:8      | Reached XP level 10. HP: 30/71 MP: 10/10
 11217 | D:8      | Reached skill level 10 in Long Blades
 11365 | D:8      | Slain by an ice beast

Illustrated notes

Levels and vault maps discovered:
D:1:      dpeg_cavernosity, layout_basic, nemelex_diamond_rough_becter
D:2:      layout_basic, minmay_pentomino_o4, uniq_terence, uniq_natasha
D:3:      layout_basic, chequers_ecumenical_altar_simple, hangedman_decor_lopped
D:4:      layout_layer_cave, old_standard_altar, temple_statues
D:5:      layout_basic, uniq_edmund
D:6:      layout_loops_cross, uniq_pikel
D:7:      layout_gridville, minivault_24
D:8:      wad_river_or_something, layout_basic, serial_rivers,
          chequers_serial_rivers_micro_a, chequers_serial_rivers_small_3,
          chequers_serial_rivers_micro_d, chequers_serial_rivers_micro_d,
          chequers_serial_rivers_large_a, feat_on_display, uniq_psyche
Temple:   regret_index_temple_sigil_plot

Skill      XL: |  1  2  3  4  5  6  7  8  9 10 |
---------------+-------------------------------+-----
Long Blades    | 3 4 5 6 8 9 10 | 10.1
Dodging        | 4 5 6 7 |  7.6
Fighting       | 4 5 6 7 |  7.6
Shields        | |  3.0

Action                   |  1- 3 |  4- 6 |  7- 9 | 10-12 || total
-------------------------+-------+-------+-------+-------++-------
Melee: Long sword        |    48 |   134 |   246 |    26 ||   454
       Constrict         |    13 |    47 |    64 |     4 ||   128
       Tentacles         |     6 |    26 |    64 |     8 ||   104
  Use: Scroll            |       |     5 |     7 |       ||    12
       Potion            |       |     1 |     3 |       ||     4
 Stab: Sleeping          |     2 |     6 |     5 |     3 ||    16
Armor: Skin              |     8 |     5 |     7 |       ||    20
Dodge: Dodged            |    17 |    56 |    95 |     6 ||   174
Block: Kite shield       |    26 |    47 |   123 |     9 ||   205
       Rpst.: Long sword |     4 |    19 |    31 |     4 ||    58
